 Dungeon Crawl Stone Soup version 0.19.5 (webtiles) character file.

2341 JeffiDaFish the Basher (level 9, -3/49 HPs)
             Began as a Gargoyle Fighter on Mar 11, 2017.
             Was an Initiate of Trog.
             Incinerated by Psyclone's ghost (6 damage)
             ... with a sticky flame
             ... on level 5 of the Dungeon.
             The game lasted 00:13:27 (5137 turns).

JeffiDaFish the Basher (Gargoyle Fighter)           Turns: 5137, Time: 00:13:28

Health: -3/49      AC: 16    Str: 19 (20) XL:     9   Next: 43%
Magic:  9/9        EV:  6    Int:  8 (10) God:    Trog [......]
Gold:   275        SH: 12    Dex: 11 (12) Spells: 0 memorised, 8 levels left

rFire  . . .     SeeInvis .     a - +0 flail
rCold  . . .     Gourm    .     i - +0 chain mail
rNeg   + . .     Faith    .     c - +1 shield
rPois  ∞         Spirit   .     (no helmet)
rElec  +         Reflect  .     o - +0 cloak
rCorr  .         Harm     .     (no gloves)
MR     .....                    (no boots)
Stlth  ..........               (no amulet)
                                (no ring)
                                d - +3 ring of intelligence

@: liquid flames, flying, glowing
A: big wings, deterioration 1, dopey 1, frail 1, negative energy resistance 1,
electricity resistance, unbreathing, petrification resistance, rot immunity, AC
+5
a: Stop Flying, Burn Spellbooks, Renounce Religion


You were on level 5 of the Dungeon.
You worshipped Trog.
Trog was noncommittal.
You were hungry.

You visited 2 branches of the dungeon, and saw 6 of its levels.

You collected 275 gold pieces.

Inventory:

Hand Weapons
 a - a +0 flail (weapon)
Armour
 c - a +1 shield (worn)
 i - a +0 chain mail (worn)
 o - a +0 cloak (worn)
Jewellery
 d - a +3 ring of intelligence (left hand)
Scrolls
 e - 5 scrolls of identify
 j - a scroll of fear
 k - 4 scrolls of remove curse
Potions
 g - a potion of magic
Comestibles
 b - a beef jerky
 f - 3 bread rations
 h - 2 meat rations
 l - a chunk of flesh
 n - 2 fruits


   Skills:
 + Level 5.6 Fighting
 + Level 8.2 Maces & Flails
 + Level 5.7 Armour
 + Level 1.4 Dodging
 + Level 1.2 Stealth
 + Level 8.1 Shields


You had 8 spell levels left.
You didn't know any spells.

Dungeon Overview and Level Annotations

Branches:
Dungeon (5/15)             Temple (1/1) D:4

Altars:
Ashenzari
Cheibriados
Dithmenos
Elyvilon
Fedhas
Hepliaklqana
Kikubaaqudgha
Makhleb
Qazlal
Ru
Sif Muna
Trog
Vehumet
Xom
Yredelemnul
Zin
The Shining One

Annotations:
D:5 Prince Ribbit; Psyclone's ghost, amateur DEFE


Innate Abilities, Weirdness & Mutations

You are resistant to torment.
Your stone body is resilient. (AC +5)
You are immune to poison.
You resist negative energy. (rN+)
You are resistant to electric shocks. (rElec)
You can survive without breathing.
You are immune to petrification.
You are immune to rotting.
Your large and strong wings let you fly indefinitely.
Your body sometimes deteriorates upon taking damage.
You are dopey. (Int -2)
You are frail. (-10% HP)


Message History

* * * LOW HITPOINT WARNING * * *
Psyclone's ghost sprays you with burning goo.
The sticky flame hits you!
You are covered in liquid flames!
You closely miss Psyclone's ghost.
Psyclone's ghost is almost destroyed.
You are covered in liquid flames!
* * * LOW HITPOINT WARNING * * *
Psyclone's ghost sprays you with burning goo.
The sticky flame hits you!
You are covered in liquid flames!
You closely miss Psyclone's ghost.
Psyclone's ghost is almost destroyed.
You are covered in liquid flames!
* * * LOW HITPOINT WARNING * * *
Psyclone's ghost hits you but does no damage.
Unknown command.
Your magic is already full.
You are covered in liquid flames!
You die...

#.# ##. #######.##.##.##
.
.........#.#...########.#
.............#..........
###.###..###..........# #
#.# #.÷........#....# #
#.# #...####.W.....## #
#.# #...# #.#._.#.$##
###.###..(####..@/.......
...............).#....##.
########..####........#
########..............#
..........#####.#######
########### #.# # #..
####


You could see Psyclone's ghost.

Vanquished Creatures
  Pikel (D:5)
  Grinder (D:2)
  The ghost of antares the Chopper, an amateur HOFi (D:4)
  Duvessa (D:5)
  Edmund (D:4)
  The ghost of JeffiDaFish the Grave Robber, an amateur KoNe (D:3)
  An ice beast (D:5)
  A phantom (D:4)
  An ogre (D:5)
  Dowan (D:5)
  3 scorpions
  Crazy Yiuf (D:4)
  2 hounds
  An orc priest (D:4)
  A gnoll shaman (D:3)
  2 iguanas
  2 orc wizards (D:4)
  Ijyb (D:2)
  Terence (D:2)
  Natasha (thrice) (D:2)
  5 worker ants
  A hound zombie (D:2)
  7 gnolls
  6 adders
  An adder skeleton (D:4)
  3 worms
  8 leopard geckos
  3 orcs
  4 giant cockroaches
  9 goblins
  6 hobgoblins
  12 jackals
  8 kobolds
  3 quokkas
  A ball python (D:1)
  6 bats
  2 frilled lizards (D:2)
  A quokka skeleton (D:4)
  6 rats
119 creatures vanquished.

Vanquished Creatures (others)
  A bullfrog skeleton (D:5)
1 creature vanquished.

Grand Total: 120 creatures vanquished

Notes
Turn   | Place    | Note
-------+----------+-------------------------------------------
     0 | D:1      | JeffiDaFish the Gargoyle Fighter began the quest for the Orb.
     0 | D:1      | Reached XP level 1. HP: 14/14 MP: 1/1
   260 | D:1      | Reached XP level 2. HP: 18/19 MP: 2/2
   888 | D:2      | Noticed Natasha
   894 | D:2      | Noticed a crimson imp
   897 | D:2      | Killed Natasha
   897 | D:2      | Reached XP level 3. HP: 15/24 MP: 3/3
  1012 | D:2      | Noticed Terence
  1059 | D:2      | Killed Terence
  1059 | D:2      | Reached XP level 4. HP: 20/29 MP: 4/4
  1109 | D:2      | Noticed Natasha
  1115 | D:2      | Killed Natasha
  1131 | D:2      | Noticed Ijyb
  1131 | D:2      | Paralysed by Ijyb for 7 turns
  1150 | D:2      | Paralysed by Ijyb for 2 turns
  1163 | D:2      | Killed Ijyb
  1163 | D:2      | Reached XP level 5. HP: 31/33 MP: 5/5
  1420 | D:2      | Noticed Natasha
  1428 | D:2      | Killed Natasha
  1451 | D:2      | Found a snail-covered altar of Cheibriados.
  1681 | D:2      | Reached XP level 6. HP: 37/38 MP: 6/6
  1842 | D:3      | Noticed Grinder
  1853 | D:2      | Paralysed by Grinder for 3 turns
  1895 | D:2      | Paralysed by Grinder for 4 turns
  1901 | D:2      | Killed Grinder
  1901 | D:2      | Reached skill level 5 in Shields
  1901 | D:2      | Reached XP level 7. HP: 13/43 MP: 7/7
  2085 | D:3      | Reached skill level 5 in Maces & Flails
  2299 | D:3      | Found a hazy altar of Hepliaklqana.
  2301 | D:3      | Found a stormy altar of Qazlal.
  2301 | D:3      | Found a burning altar of Makhleb.
  2465 | D:3      | Noticed JeffiDaFish's ghost (amateur KoNe)
  2481 | D:3      | Killed JeffiDaFish's ghost
  2481 | D:3      | Reached skill level 1 in Dodging
  2555 | D:3      | Gained mutation: You are dopey. (Int -2) [potion of mutation]
  2555 | D:3      | Gained mutation: You are frail. (-10% HP) [potion of mutation]
  2555 | D:3      | Gained mutation: Your body sometimes deteriorates upon taking damage. [potion of mutation]
  2988 | D:4      | Noticed Edmund
  3318 | D:4      | Reached XP level 8. HP: 10/43 MP: 8/8
  3364 | D:4      | Reached skill level 5 in Armour
  3365 | D:4      | Noticed antares's ghost (amateur HOFi)
  3368 | D:5      | Entered Level 5 of the Dungeon
  3700 | D:4      | Reached skill level 5 in Fighting
  3710 | D:4      | Killed Edmund
  3720 | D:4      | Killed antares's ghost
  4018 | D:4      | Gained mutation: Your large and strong wings let you fly indefinitely. [potion of beneficial mutation]
  4111 | D:4      | Found a runed door.
  4115 | D:4      | Noticed Crazy Yiuf
  4128 | D:4      | Killed Crazy Yiuf
  4252 | D:4      | Found a staircase to the Ecumenical Temple.
  4260 | Temple   | Entered the Ecumenical Temple
  4347 | Temple   | Became a worshipper of Trog the Wrathful
  4637 | D:5      | Noticed Pikel
  4654 | D:5      | Killed Pikel
  4654 | D:5      | Reached skill level 1 in Stealth
  4654 | D:5      | Reached XP level 9. HP: 45/48 MP: 9/9
  4682 | D:5      | Found a basalt altar of Yredelemnul.
  4824 | D:5      | Noticed Duvessa
  4825 | D:5      | Noticed Dowan
  4838 | D:5      | Killed Duvessa
  4854 | D:5      | Killed Dowan
  5094 | D:5      | Found a radiant altar of Vehumet.
  5096 | D:5      | Noticed Prince Ribbit
  5118 | D:5      | Noticed Psyclone's ghost (amateur DEFE)
  5137 | D:5      | Incinerated by Psyclone's ghost

Skill      XL: |  1  2  3  4  5  6  7  8  9 |
---------------+----------------------------+-----
Maces & Flails | 3 4 6 8 |  8.2
Shields        | 4 5 7 8 |  8.1
Fighting       | 4 5 |  5.6
Armour         | 4 5 |  5.7
Dodging        | 1 |  1.4
Stealth        | 1 |  1.2

Action                   |  1- 3 |  4- 6 |  7- 9 || total
-------------------------+-------+-------+-------++-------
Melee: Flail             |   120 |   175 |   454 ||   749
 Abil: Fly               |       |       |     1 ||     1
  Use: Scroll            |     6 |     2 |     7 ||    15
       Potion            |     1 |     1 |    13 ||    15
 Stab: Distracted        |       |       |     1 ||     1
  Eat: Chunk             |       |     4 |     6 ||    10
       Meat ration       |       |       |     1 ||     1
Armor: Scale mail        |    31 |       |       ||    31
       Chain mail        |    84 |   142 |   262 ||   488
Dodge: Dodged            |    42 |    35 |   103 ||   180
Block: Shield            |    90 |   128 |   298 ||   516
